 Dungeon Crawl Stone Soup version 0.29.0-4-gdea44cf6ec (webtiles) character file.

Game seed: 1466028802679221122

2982 qw the Cleaver (level 9, -2/54 HPs)
             Began as a Tengu Warper on Aug 28, 2022.
             Was a Believer of Okawaru.
             Slain by Duvessa
             ... wielding a +0 rapier
              (7 damage)
             ... on level 7 of the Dungeon.
             The game lasted 00:00:47 (6651 turns).

qw the Cleaver (Tengu Warper)                       Turns: 6651, Time: 00:00:48

Health: -2/54      AC: 15    Str: 14    XL:     9   Next: 83%
Magic:  13/13      EV:  9    Int: 17    God:    Okawaru [**....]
Gold:   374        SH:  7    Dex: 19    Spells: 12/12 levels left

rFire   . . .      SeeInvis .   Y - +3 hand axe
rCold   . . .      Faith    .   i - +0 buckler
rNeg    . . .      Spirit   .   a - +0 plate armour of Intercession {Str-3 Int+4}
rPois   .          Reflect  .   (helmet restricted)
rElec   .          Harm     .   (no cloak)
rCorr   .          Rampage  .   b - +0 pair of gloves
Will    .....                   (boots unavailable)
Stlth   ..........              k - amulet of regeneration
HPRegen 0.98/turn               c - +6 ring of dexterity
MPRegen 0.13/turn               (no ring)

@: about to teleport, heroic, flying quickly and evasively, quick
A: beak, talons 3, nimble flight
a: Renounce Religion, Heroism


You were on level 7 of the Dungeon.
You worshipped Okawaru.
Okawaru was pleased with you.
You visited 2 branches of the dungeon, and saw 8 of its levels.
You also visited: Sewer.

You collected 416 gold pieces.
You spent 42 gold pieces at shops.


Innate Abilities, Weirdness & Mutations

You have a beak for a mouth.
You have claws for feet.
Your magical nature lets you fly swiftly and evasively.


   Skills:
 - Level 5.0(10.0) Fighting
 - Level 11.0(16.0) Axes
 - Level 1.0(6.0) Throwing
 - Level 5.0(10.0) Armour
 + Level 2.9(7.9) Dodging
 - Level 3.1(8.1) Shields
 - Level 2.0 Spellcasting
 - Level 2.4 Translocations
 - Level 4.0 Invocations


You had 12 spell levels left.
You didn't know any spells.
Your spell library contained the following spells:

 Spells                   Type           Power      Damage    Failure   Level
 Blink                    Tloc           18%        N/A       100%        2
 Gell's Gravitas          Tloc           9%         N/A       100%        3
 Lesser Beckoning         Tloc           9%         N/A       100%        3
 Teleport Other           Tloc           9%         N/A       100%        3
 Manifold Assault         Tloc           9%         N/A       100%        5

Inventory:

Hand Weapons
 j - a +0 flail
 Y - a +3 hand axe (weapon)
Armour
 a - the +0 plate armour of Intercession (worn) {Str-3 Int+4}
   (You acquired it on level 1 of the Dungeon)

   Str:       It affects your strength (-3).
   Int:       It affects your intelligence (+4).
 b - a +0 pair of gloves (worn)
 i - a +0 buckler (worn)
Jewellery
 c - a +6 ring of dexterity (left hand)
 k - an amulet of regeneration (around neck)
 l - a ring of willpower
Scrolls
 e - 3 scrolls of identify
 f - 5 scrolls of teleportation
 n - a scroll of silence {unknown}
Potions
 d - a potion of magic
 g - a potion of curing
 h - a potion of heal wounds
 m - a potion of haste

Dungeon Overview and Level Annotations

Branches:
Dungeon (7/15)             Temple (1/1) D:5           Sewer (visited)

Altars:
Ashenzari
Cheibriados
Dithmenos
Elyvilon
Fedhas
Gozag
Hepliaklqana
Kikubaaqudgha
Makhleb
Nemelex Xobeh
Okawaru
Qazlal
Ru
Sif Muna
Trog
Uskayaw
Vehumet
Wu Jian
Yredelemnul
Zin
The Shining One

Shops:
D:3 *

Annotations:
D:7 Duvessa


Message History

Duvessa hits you with a +0 rapier!
You hit Duvessa but do no damage.
Duvessa is heavily wounded.
Duvessa hits you with a +0 rapier!
You hit Duvessa but do no damage. You claw Duvessa, but do no damage.
Duvessa is heavily wounded.
You block Duvessa's attack.
You hit Duvessa.
Duvessa is heavily wounded.
You block Duvessa's attack.
You hit Duvessa but do no damage. You claw Duvessa. Your peck misses Duvessa.
Duvessa is heavily wounded.
Duvessa hits you with a +0 rapier!
You barely miss Duvessa. You claw Duvessa, but do no damage.
Your peck misses Duvessa.
Duvessa is heavily wounded.
You block Duvessa's attack.
You hit Duvessa but do no damage. You claw Duvessa, but do no damage.
You peck Duvessa, but do no damage.
Duvessa is heavily wounded.
Duvessa barely misses you.
You hit Duvessa. You claw Duvessa.
Duvessa is severely wounded.
You block Duvessa's attack.
You hit Duvessa but do no damage. You claw Duvessa, but do no damage.
Duvessa is severely wounded.
Duvessa hits you but does no damage.
You hit Duvessa. You claw Duvessa, but do no damage.
Duvessa is severely wounded.
You hit Duvessa but do no damage. Your peck misses Duvessa.
Duvessa is severely wounded.
Duvessa hits you but does no damage.
You hit Duvessa. You claw Duvessa.
Duvessa is almost dead.
Duvessa hits you with a +0 rapier!
6651 ||| READING 6 scrolls of teleportation.
As you read the scroll of teleportation, it crumbles to dust.
You feel strangely unstable. Duvessa hits you with a +0 rapier.
Duvessa hits you with a +0 rapier!
You die...

### ######### ..
#........ ..#........
.#........ '........
#)e...... #@.......
#)....... .
##)#####+##..
#............
#+######............
#....................
#....................
#....................
.........##'##.....##


You could see Duvessa (berserk).

Vanquished Creatures
  A shadow (D:6)
  A water moccasin (D:6)
  4 ice beasts
  A sky beast (D:7)
  2 ogres
  A centaur (D:5)
  2 phantoms
  4 necrophages
  2 bullfrogs (Sewer)
  A gnoll sergeant (D:5)
  3 scorpions (D:5)
  Dowan (D:7)
  2 electric eels (D:6)
  3 howler monkeys (D:7)
  3 jellies
  An orc priest (D:4)
  11 hounds
  5 iguanas
  4 orc wizards
  Robin (D:2)
  20 adders
  3 river rats (D:6)
  3 worms
  10 dart slugs
  11 orcs
  6 endoplasms
  A giant cockroach (Sewer)
  8 goblins
  9 hobgoblins
  10 kobolds
  8 quokkas
  8 ball pythons
  6 bats
  10 frilled lizards
  5 rats
171 creatures vanquished.

Notes
Turn   | Place    | Note
-------+----------+-------------------------------------------
     0 | D:1      | qw the Tengu Warper began the quest for the Orb.
     0 | D:1      | Reached XP level 1. HP: 12/12 MP: 4/4
     0 | D:1      | 0 ||| qw: Version: 0.1-a-89-g26bdef1
     0 | D:1      | 0 ||| qw: Game counter: 1425
     0 | D:1      | 0 ||| qw: Always use a shield: true
     0 | D:1      | 0 ||| qw: God list: Okawaru
     0 | D:1      | 0 ||| qw: Allow faded altars: false
     0 | D:1      | 0 ||| qw: Do Orc after D:15 true
     0 | D:1      | 0 ||| qw: Do second Lair branch before Depths: true
     0 | D:1      | 0 ||| qw: Lair rune preference: random
     0 | D:1      | 0 ||| qw: Plans: Normal
     0 | D:1      | 0 ||| PLANNING D:1-11
   350 | D:1      | HP: 2/12 [quokka (3)]
   353 | D:1      | Reached skill level 3 in Axes
   353 | D:1      | Reached XP level 2. HP: 1/17 MP: 6/6
  1287 | D:1      | 1287 ||| UPGRADING to +0 scale mail.
  1297 | D:1      | 1297 ||| DROPPING +0 leather armour.
  1298 | D:1      | 1298 ||| UPGRADING to +0 chain mail.
  1308 | D:1      | 1308 ||| DROPPING +0 scale mail.
  1309 | D:1      | 1309 ||| READING scroll labelled EPPUH SOESOHU.
  1310 | D:1      | 1310 ||| READING scroll labelled OTRIRU IXOW.
  1311 | D:1      | 1311 ||| READING scroll labelled REHIAJ QIUL.
  1311 | D:1      | Identified a scroll of acquirement
  1311 | D:1      | 1311 ||| ACQUIRING +0 plate armour of Intercession {Str-3
                  | Int+4}
  1311 | D:1      | Acquired the +0 plate armour of Intercession {Str-3 Int+4}
  1313 | D:1      | 1313 ||| UPGRADING to +0 plate armour of Intercession
                  | {Str-3 Int+4}.
  1323 | D:1      | 1323 ||| DROPPING +0 chain mail.
  1324 | D:1      | 1324 ||| DROPPING scroll of blinking.
  1384 | D:2      | 1384 ||| Stepping ~*~*~tactically~*~*~ (stealth).
  1385 | D:2      | Noticed Robin
  1386 | D:2      | 1386 ||| Stepping ~*~*~tactically~*~*~ (stealth).
  1392 | D:2      | 1392 ||| Stepping ~*~*~tactically~*~*~ (stealth).
  1408 | D:2      | Reached XP level 3. HP: 14/21 MP: 7/7
  1468 | D:2      | Killed Robin
  1469 | D:2      | Reached skill level 4 in Axes
  1474 | D:2      | 1474 ||| FLEEEEING.
  1475 | D:2      | 1475 ||| FLEEEEING.
  1476 | D:2      | 1476 ||| FLEEEEING.
  1477 | D:2      | 1477 ||| FLEEEEING.
  1478 | D:2      | 1478 ||| FLEEEEING.
  1479 | D:2      | 1479 ||| FLEEEEING.
  1485 | D:2      | 1485 ||| STAIRDANCE
  2156 | D:2      | 2156 ||| UPGRADING to +6 ring of dexterity.
  2157 | D:2      | 2157 ||| READING scroll labelled MUOSMAO ZERPH.
  2158 | D:2      | 2158 ||| READING 3 scrolls labelled GUGHIL AKUPT.
  2161 | D:2      | 2161 ||| DRINKING 2 fizzy black potions.
  2262 | D:2      | 2262 ||| DROPPING potion of ambrosia.
  2304 | D:3      | Found a faded altar of an unknown god.
  2388 | D:3      | Reached XP level 4. HP: 25/26 MP: 8/8
  2402 | D:3      | Found Bapes's General Store.
  2410 | D:3      | 2410 ||| SHOPLISTING +3 plate armour of poison resistance
                  | (588 gold, have 120).
  2410 | D:3      | 2410 ||| SHOPLISTING +4 plate armour of poison resistance
                  | (658 gold, have 120).
  2410 | D:3      | 2410 ||| BUYING potion of curing (42 gold).
  2410 | D:3      | Bought a potion of curing for 42 gold pieces
  2410 | D:3      | 2410 ||| SHOPLISTING scroll of acquirement (728 gold, have
                  | 78).
  2827 | D:3      | 2827 ||| READING scroll labelled UCUTOECAXI.
  2828 | D:3      | 2828 ||| READING scroll labelled GIJIUCS ACWUA.
  2829 | D:3      | 2829 ||| DRINKING 2 viscous pink potions.
  2830 | D:3      | 2830 ||| READING 2 scrolls of identify.
  2830 | D:3      | 2830 ||| IDENTIFYING viscous brown potion
  2831 | D:3      | 2831 ||| DROPPING potion of lignification.
  2835 | D:4      | You fall into a shaft and drop 1 floor!
  2835 | D:5      | Entered Level 5 of the Dungeon
  2849 | D:5      | Found a staircase to the Ecumenical Temple.
  2850 | D:5      | 2850 ||| PLANNING TEMPLE
  2859 | Temple   | Entered the Ecumenical Temple
  2914 | Temple   | Became a worshipper of Warmaster Okawaru
  2915 | Temple   | 2915 ||| DRINKING 2 coppery potions.
  2916 | Temple   | 2916 ||| PLANNING D:1-11
  2916 | Temple   | 2916 ||| DROPPING potion of degeneration.
  2943 | D:5      | Noticed a scorpion
  2953 | D:5      | Killed a scorpion
  2954 | D:5      | Reached skill level 5 in Axes
  2954 | D:5      | Gained mutation: Your magical nature lets you fly swiftly
                  | and evasively. [Tengu growth]
  2954 | D:5      | Reached XP level 5. HP: 14/30 MP: 9/9
  2960 | D:5      | HP: 7/30 [poisoned by a scorpion]
  3374 | D:4      | 3374 ||| Stepping ~*~*~tactically~*~*~ (hiding).
  3377 | D:4      | 3377 ||| Stepping ~*~*~tactically~*~*~ (hiding).
  3448 | D:4      | Reached skill level 6 in Axes
  3591 | D:4      | 3591 ||| Stepping ~*~*~tactically~*~*~ (stealth).
  3608 | D:4      | Reached XP level 6. HP: 21/35 MP: 10/10
  3818 | D:4      | Reached skill level 3 in Armour
  3966 | D:4      | 3966 ||| Stepping ~*~*~tactically~*~*~ (stealth).
  3975 | D:4      | 3975 ||| Stepping ~*~*~tactically~*~*~ (hiding).
  3988 | D:4      | 3988 ||| DRINKING 2 potions of curing.
  3988 | D:4      | 3988 ||| (to cure confusion)
  3999 | D:4      | Reached * piety under Okawaru
  4263 | D:4      | 4263 ||| UPGRADING to amulet of regeneration.
  4268 | D:4      | 4268 ||| READING scroll labelled SUUPSOL MUGGILUS.
  4269 | D:4      | 4269 ||| READING scroll labelled GURIDOY RAELUF.
  4286 | D:4      | 4286 ||| READING scroll labelled EPIDY OHIRENG.
  4287 | D:4      | 4287 ||| READING scroll labelled FIMIH MU IPACI.
  4288 | D:4      | 4288 ||| READING scroll labelled VEILUEHYSH.
  4289 | D:4      | 4289 ||| DRINKING 3 murky inky potions.
  4290 | D:4      | 4290 ||| READING 3 scrolls of identify.
  4290 | D:4      | 4290 ||| IDENTIFYING murky amethyst potion
  4291 | D:4      | 4291 ||| DROPPING potion of berserk rage.
  4292 | D:4      | 4292 ||| DROPPING 2 potions of brilliance.
  4363 | D:5      | Reached skill level 7 in Axes
  4388 | D:5      | 4388 ||| INVOKING Heroism.
  4393 | D:5      | Reached skill level 1 in Invocations
  4393 | D:5      | Reached XP level 7. HP: 18/40 MP: 8/11
  4458 | D:5      | 4458 ||| INVOKING Heroism.
  4539 | D:5      | 4539 ||| READING scroll of enchant weapon.
  4539 | D:5      | 4539 ||| ENCHANTING +1 hand axe.
  4557 | D:5      | 4557 ||| INVOKING Heroism.
  4562 | D:5      | Reached skill level 3 in Fighting
  4590 | D:5      | 4590 ||| INVOKING Heroism.
  4670 | D:5      | 4670 ||| Stepping ~*~*~tactically~*~*~ (stealth).
  4717 | D:5      | Reached skill level 3 in Invocations
  4717 | D:5      | 4717 ||| INVOKING Heroism.
  4725 | D:5      | 4725 ||| Stepping ~*~*~tactically~*~*~ (stealth).
  4726 | D:5      | 4726 ||| Stepping ~*~*~tactically~*~*~ (stealth).
  4731 | D:5      | Reached XP level 8. HP: 42/46 MP: 10/12
  4746 | D:5      | 4746 ||| Stepping ~*~*~tactically~*~*~ (hiding).
  4749 | D:5      | 4749 ||| INVOKING Heroism.
  4770 | D:5      | Reached skill level 8 in Axes
  4771 | D:5      | 4771 ||| INVOKING Heroism.
  4781 | D:5      | HP: 8/46 [iguana (10)]
  4782 | D:5      | 4782 ||| READING 8 scrolls of teleportation.
  4783 | D:5      | 4783 ||| DRINKING potion of heal wounds.
  4852 | D:5      | 4852 ||| Stepping ~*~*~tactically~*~*~ (stealth).
  4869 | D:5      | 4869 ||| Stepping ~*~*~tactically~*~*~ (stealth).
  4870 | D:5      | 4870 ||| Stepping ~*~*~tactically~*~*~ (stealth).
  4930 | D:5      | 4930 ||| INVOKING Heroism.
  4936 | D:5      | Reached skill level 9 in Axes
  4952 | D:5      | 4952 ||| DROPPING +0 whip.
  5007 | D:5      | 5007 ||| Stepping ~*~*~tactically~*~*~ (hiding).
  5008 | D:5      | 5008 ||| Stepping ~*~*~tactically~*~*~ (hiding).
  5021 | D:5      | 5021 ||| INVOKING Heroism.
  5131 | D:5      | 5131 ||| Stepping ~*~*~tactically~*~*~ (stealth).
  5150 | D:5      | Reached ** piety under Okawaru
  5162 | D:5      | 5162 ||| UPGRADING to +0 buckler.
  5167 | D:5      | 5167 ||| DRINKING 2 bubbling clear potions.
  5168 | D:5      | 5168 ||| READING 2 scrolls of identify.
  5168 | D:5      | 5168 ||| IDENTIFYING fizzy yellow potion
  5169 | D:5      | 5169 ||| DROPPING potion of invisibility.
  5181 | D:6      | 5181 ||| PLANNING SEWER
  5181 | D:6      | 5181 ||| INVOKING Heroism.
  5182 | D:6      | 5182 ||| STAIRDANCE
  5199 | D:6      | 5199 ||| STAIRDANCE
  5220 | D:6      | 5220 ||| INVOKING Heroism.
  5228 | D:6      | Reached skill level 1 in Shields
  5287 | D:6      | 5287 ||| Stepping ~*~*~tactically~*~*~ (hiding).
  5308 | D:6      | 5308 ||| INVOKING Heroism.
  5325 | D:6      | Reached XP level 9. HP: 31/52 MP: 11/13
  5374 | D:6      | 5374 ||| INVOKING Heroism.
  5448 | D:6      | Reached skill level 10 in Axes
  5466 | D:6      | Reached skill level 3 in Shields
  5667 | D:6      | 5667 ||| INVOKING Heroism.
  5719 | D:6      | 5719 ||| FLEEEEING.
  5726 | D:6      | 5726 ||| Stepping ~*~*~tactically~*~*~ (stealth).
  5727 | D:6      | 5727 ||| INVOKING Heroism.
  5955 | D:6      | Found a glowing drain.
  5956 | D:6      | 5956 ||| UPGRADING to +0 pair of gloves.
  5961 | D:6      | 5961 ||| DROPPING amulet of the acrobat.
  5967 | Sewer    | Entered a sewer
  6044 | Sewer    | 6044 ||| INVOKING Heroism.
  6066 | Sewer    | 6066 ||| READING scroll of enchant weapon.
  6066 | Sewer    | 6066 ||| ENCHANTING +2 hand axe.
  6195 | Sewer    | 6195 ||| DROPPING scarf of invisibility.
  6209 | D:6      | 6209 ||| PLANNING D:1-11
  6420 | D:6      | 6420 ||| READING scroll labelled ULUKE CIAVAFE.
  6421 | D:6      | 6421 ||| READING 7 scrolls of teleportation.
  6487 | D:7      | 6487 ||| Stepping ~*~*~tactically~*~*~ (stealth).
  6491 | D:7      | 6491 ||| Stepping ~*~*~tactically~*~*~ (stealth).
  6494 | D:7      | 6494 ||| INVOKING Heroism.
  6551 | D:7      | 6551 ||| Stepping ~*~*~tactically~*~*~ (stealth).
  6553 | D:7      | 6553 ||| INVOKING Heroism.
  6558 | D:7      | Reached skill level 11 in Axes
  6611 | D:7      | 6611 ||| Stepping ~*~*~tactically~*~*~ (hiding).
  6624 | D:7      | Noticed Dowan
  6625 | D:7      | 6625 ||| Stepping ~*~*~tactically~*~*~ (hiding).
  6627 | D:7      | 6627 ||| INVOKING Heroism.
  6628 | D:7      | Noticed Duvessa
  6634 | D:7      | Killed Dowan
  6650 | D:7      | HP: 6/54 [Duvessa/+0 rapier (16)]
  6651 | D:7      | 6651 ||| READING 6 scrolls of teleportation.
  6651 | D:7      | Slain by Duvessa

Levels and vault maps discovered:
D:1:      dpeg_arrival_tiny_a, layout_basic
D:2:      layout_basic, uniq_robin
D:3:      layout_rooms, serial_shops, shop, dreamdust_ecumenical_altar_statues
D:4:      layout_basic
D:5:      cheibrodos_fzero, layout_basic, minmay_temple_entry_antechambers,
          hangedman_decor_riveting
D:6:      kennysheep_slugbush, layout_loops_ring, lightli_sewer_entry_pipes
D:7:      layout_gridville, kennysheep_mini, uniq_maggie, uniq_duvessa
Temple:   grunt_wide_crystal_templ

Skill      XL: |  1  2  3  4  5  6  7  8  9 |
---------------+----------------------------+-----
Axes           | 3 4 5 6 7 9 11 | 11.0
Armour         | 2 3 4 5 |  5.0
Invocations    | 1 3 4 |  4.0
Fighting       | 3 4 5 |  5.0
Shields        | 2 3 |  3.1
Throwing       | |  1.0
Dodging        | |  2.9
Spellcasting   | |  2.0
Translocations | |  2.4

Action                   |  1- 3 |  4- 6 |  7- 9 || total
-------------------------+-------+-------+-------++-------
Melee: Hand axe          |   107 |   113 |   375 ||   595
       Kick              |    24 |    37 |   132 ||   193
       Peck              |    12 |    21 |    87 ||   120
       Punch             |       |     2 |     3 ||     5
Throw: Boomerang         |     7 |       |       ||     7
Invok: Heroism           |       |     1 |    18 ||    19
  Use: Scroll            |     5 |     9 |     7 ||    21
       Potion            |     1 |     4 |     2 ||     7
 Stab: Distracted        |     1 |       |       ||     1
Armor: Leather armour    |    11 |       |       ||    11
       Plate armour      |    65 |    91 |   180 ||   336
Dodge: Dodged            |    12 |    14 |    66 ||    92
Block: Buckler           |       |       |    50 ||    50

Table legend:
 A = Non-vault XP
 B = Vault XP
 C = Vault XP percentage of total XP
 D = Non-vault monster count
 E = Vault monster count
 F = Vault count percentage of total count
                 A         B        C        D         E       F
            +---------+---------+-------+---------+---------+-------
      Total |    2971 |    1289 |  30.3 |      98 |      73 |  42.7
            +---------+---------+-------+---------+---------+-------
        D:1 |      26 |       0 |   0.0 |      17 |       0 |   0.0
        D:2 |       9 |      37 |  80.4 |       5 |      12 |  70.6
        D:3 |      36 |       0 |   0.0 |      13 |       0 |   0.0
        D:4 |     286 |       0 |   0.0 |      15 |       0 |   0.0
        D:5 |     883 |     764 |  46.4 |      23 |      16 |  41.0
        D:6 |    1228 |     155 |  11.2 |      15 |      21 |  58.3
        D:7 |     503 |      72 |  12.5 |      10 |       1 |   9.1
      Sewer |       0 |     261 | 100.0 |       0 |      23 | 100.0
            +---------+---------+-------+---------+---------+-------
